 Dungeon Crawl Stone Soup version 0.28.0 (webtiles) character file.

Game seed: 504150229276011602

14 sanka the Magician (level 2, 11/16 HPs)
             Began as a Deep Elf Transmuter on Feb 8, 2022.
             Was a Follower of Makhleb.
             Quit the game on level 1 of the Dungeon.
             The game lasted 00:01:01 (1108 turns).

sanka the Magician (Deep Elf Transmuter)            Turns: 1108, Time: 00:01:02

Health: 11/16      AC:  2    Str:  7    XL:     2   Next: 27%
Magic:  9/9        EV: 12    Int: 17    God:    Makhleb [*.....]
Gold:   46         SH:  0    Dex: 15    Spells: 8/9 levels left

rFire   . . .      SeeInvis .     - Unarmed
rCold   . . .      Faith    .   (no shield)
rNeg    . . .      Spirit   .   a - +0 robe
rPois   .          Reflect  .   (helmet currently unavailable)
rElec   .          Harm     .   (no cloak)
rCorr   .          Rampage  .   (no gloves)
Will    +....                   (boots currently unavailable)
Stlth   +.........              (no amulet)
HPRegen 0.05/turn               e - ring of willpower
MPRegen 0.11/turn               (no ring)

@: appendages
A: horns 2, talons 2
a: End Transformation, Renounce Religion


You were on level 1 of the Dungeon.
You worshipped Makhleb.
Makhleb was aware of your devotion.
You had temporarily grown beastly horns and talons.
You visited 1 branch of the dungeon, and saw 1 of its levels.

You collected 46 gold pieces.

Inventory:

Armour
 a - a +0 robe (worn)
Jewellery
 e - a ring of willpower (left hand)
Scrolls
 b - a scroll of fear {unknown}
 c - a scroll of teleportation {unknown}
Potions
 d - a potion of heal wounds {unknown}


   Skills:
 - Level 0.7 Fighting
 - Level 2.4 Dodging
 - Level 2.4 Unarmed Combat
 + Level 4.2 Spellcasting
 - Level 2.1 Transmutations


You had 8 spell levels left.
You knew the following spells:

 Your Spells              Type           Power      Damage    Failure   Level
a - Beastly Appendage     Tmut           22%        N/A       6%          1

Your spell library contained the following spells:

 Spells                   Type           Power      Damage    Failure   Level
 Wereblood                Tmut           11%        N/A       10%         2
 Spider Form              Tmut/Pois      7%         N/A       30%         3
 Ice Form                 Ice/Tmut       7%         N/A       69%         4


Dungeon Overview and Level Annotations

Branches:
Dungeon (1/15)

Altars:
Makhleb


Innate Abilities, Weirdness & Mutations

You have temporarily grown beastly horns and talons.


Message History

No target in view!
No target in view!
Your transformation is almost over.
Your horns disappear.
Your talons disappear.
Found a stone staircase leading down.
You now have 46 gold pieces (gained 12).
You open the door.
Found a faded altar of an unknown god.
There is a stone staircase leading down here.
A quokka comes into view.
A quokka is nearby!
Search for what [? for help]? altar
There is a stone staircase leading down here.
A frilled lizard comes into view.
The frilled lizard hisses angrily.
You closely miss the frilled lizard. The frilled lizard closely misses you.
You grow a pair of large bovine horns.
Your feet morph into talons.
The frilled lizard barely misses you.
You closely miss the frilled lizard.
Your headbutt misses the frilled lizard.
The frilled lizard unfolds its giant frill.
The frilled lizard bites you.
You barely miss the frilled lizard. The frilled lizard bites you.
You hit the frilled lizard.
The frilled lizard is heavily wounded.
The frilled lizard barely misses you.
You hit the frilled lizard but do no damage.
The frilled lizard is heavily wounded.
The frilled lizard hisses.
The frilled lizard bites you.
You hit the frilled lizard.
You kill the frilled lizard!
There is a faded altar of an unknown god here.
You cannot tell which god this altar belongs to.
Convert to them anyway?
Makhleb accepts your prayer! Makhleb welcomes you!
You can now gain health from killing.
Unknown command.
Press < or > to pray at altars.
Are you sure you want to abandon this character and quit the game? (Confirm with "yes".)

.# .######## ........#
....###.# ........#
######## ..........
...8.. #
.##.######.####...##.#
.##.# #.....8.....#
..#+##### #†..@....#
........#####8.8...8.#
......................#
........##.....8.8#####
.##.######.########
.##.# #.# .##.# #.###
.##.# ##...# .##.#
##...##


There were no monsters in sight!

Vanquished Creatures
  2 endoplasms (D:1)
  A giant cockroach (D:1)
  A goblin (D:1)
  2 quokkas (D:1)
  A ball python (D:1)
  2 bats (D:1)
  3 frilled lizards (D:1)
  A kobold (D:1)
  A rat (D:1)
14 creatures vanquished.

Notes
Turn   | Place    | Note
-------+----------+-------------------------------------------
     0 | D:1      | sanka the Deep Elf Transmuter began the quest for the Orb.
     0 | D:1      | Reached XP level 1. HP: 11/11 MP: 6/6
   508 | D:1      | Reached skill level 4 in Spellcasting
   508 | D:1      | Reached XP level 2. HP: 4/16 MP: 7/9
  1056 | D:1      | Found a faded altar of an unknown god.
  1107 | D:1      | Prayed at the altar of an unknown god.
  1107 | D:1      | Became a worshipper of Makhleb the Destroyer
  1107 | D:1      | Reached * piety under Makhleb
  1108 | D:1      | Quit the game

Illustrated notes

Levels and vault maps discovered:
D:1:      dpeg_arrival_simpleton_b, layout_basic, serial_forest,
          infiniplex_forest_corner_1, infiniplex_forest_lined_corner,
          infiniplex_forest_clump_tiny, infiniplex_forest_clump_small,
          infiniplex_forest_clump_curved, infiniplex_forest_lined_ring,
          ebering_ecumenical_altar_ruins

Skill      XL: |  1 |
---------------+----+-----
Spellcasting   | 4 |  4.2
Fighting       | |  0.7
Dodging        | |  2.4
Unarmed Combat | |  2.4
Transmutations | |  2.1

Action                   || total
-------------------------++-------
Melee: Unarmed           ||    52
       Kick              ||     7
       Headbutt          ||     3
 Cast: Beastly Appendage ||    13
 Stab: Sleeping          ||     1
Armor: Robe              ||     3
Dodge: Dodged            ||    29
